 Dungeon Crawl Stone Soup version 0.30-a0-782-ge64f9170bb (webtiles) character file.

Game seed: 16967576457485060942

40 HoaS the Shooter (level 3, 0/21 HPs)
             Began as a Gargoyle Hunter on Mar 8, 2023.
             Slain by a gnoll
             ... wielding a +3 whip
              (3 damage)
             ... on level 2 of the Dungeon.
             The game lasted 00:02:21 (627 turns).

HoaS the Shooter (Gargoyle Hunter)                   Turns: 627, Time: 00:02:22

Health: 0/21       AC:  6    Str: 14    XL:     3   Next: 50%
Magic:  3/3        EV: 11    Int:  9    God:
Gold:   127        SH:  0    Dex: 15    Spells: 2/2 levels left

rFire   + . .      SeeInvis .    a - +0 shortbow
rCold   . . .      Faith    .    (shield currently unavailable)
rNeg    + . .      Spirit   .    c - +0 leather armour
rPois   ∞          Reflect  .    (no helmet)
rElec   +          Harm     .    (no cloak)
rCorr   .          Rampage  .    (no gloves)
Will    .....                    (no boots)
Stlth   ++                       (no amulet)
HPRegen 0.23/turn                d - ring of protection from fire
MPRegen 0.08/turn                (no ring)

@: no status effects
A: sickness immunity, AC +3, negative energy resistance 1, electricity
resistance, torment resistance 1, petrification resistance
a: no special abilities


You were on level 2 of the Dungeon.
You visited 1 branch of the dungeon, and saw 2 of its levels.

You collected 127 gold pieces.

Inventory:

Hand Weapons
 a - a +0 shortbow (weapon)
Armour
 c - a +0 leather armour (worn)
Jewellery
 d - a ring of protection from fire (left hand)
Scrolls
 b - a scroll of immolation
 e - 2 scrolls of identify {unknown}
 g - a scroll of fog {unknown}
Potions
 f - a potion of cancellation {unknown}
 h - a potion of curing {unknown}


   Skills:
 - Level 2.1 Fighting
 + Level 5.2 Ranged Weapons
 - Level 1.5 Dodging
 - Level 1.1 Stealth


You had 2 spell levels left.
You didn't know any spells.
Your spell library contained the following spells:

 Spells                   Type           Power      Damage    Failure   Level
 Inner Flame              Hex/Fire       0%         N/A       83%         3
 Cause Fear               Hex            0%         N/A       99%         4
 Discord                  Hex            0%         N/A       100%        8


Dungeon Overview and Level Annotations

Branches:
Dungeon (2/15)

Altars:

Shops:
D:2 =


Innate Abilities, Weirdness & Mutations

You are immune to sickness and miasma.
Your stone body is resilient. (AC +3)
You are immune to poison.
You resist negative energy. (rN+)
You are resistant to electric shocks. (rElec)
You are resistant to unholy torment.
You are immune to petrification.


Message History

The bat barely misses you. The bat hits you but does no damage.
The bat barely misses you. The bat barely misses you. The bat misses you.
The bat attacks as you move away! The bat hits you but does no damage. x2
The bat hits you. The bat attacks as you move away! The bat barely misses you.
The bat closely misses you.
There is a stone staircase leading down here.
You see here a giant cockroach corpse.
The bat attacks as you move away! The bat barely misses you. x2
The bat attacks as you move away! The bat barely misses you. The bat hits you.
Things that are here:
a +0 dagger; a goblin corpse The bat barely misses you.
The bat hits you. The bat closely misses you. The bat barely misses you.
The bat attacks as you move away! The bat hits you. x2
The bat closely misses you.
You shoot an arrow. The arrow hits the bat!
You kill the bat!
The gnoll hits you with a +3 whip!
You shoot an arrow. The arrow hits the gnoll.
The gnoll is lightly wounded.
The gnoll closely misses you. The gnoll barely misses you. x2
The gnoll hits you with a +3 whip.
You shoot an arrow. The arrow barely misses the gnoll.
The arrow hits the gnoll!
The gnoll is heavily wounded.
The gnoll hits you from afar with a +0 spear.
The gnoll barely misses you. The gnoll attacks as you move away!
The gnoll hits you with a +3 whip. The gnoll attacks as you move away!
The gnoll closely misses you. The gnoll attacks as you move away!
The gnoll hits you with a +3 whip. The gnoll attacks as you move away!
The gnoll hits you with a +3 whip.
* * * LOW HITPOINT WARNING * * *
You shoot an arrow. The arrow hits the gnoll.
The gnoll is heavily wounded.
The gnoll hits you with a +3 whip.
You die...

...# #.#
#.##.#.######.#....#<.#
#†#####.#
#g##.#†#....#......#†.#
#.gg.)..#
#......#.##.#...##.#..#
#########
######.#.##.#......#..#
#g#.##.########..#
#g#.##...........#
#.#.####..#####.##
#g#.......#......#
#@#..####.##.....#
#.#..####.####.#.#
#.#.......# ###.#
#.##.###### #.# #.##.#
#.# #.##.# #.# #....#
#.. ###### ###


You could see 3 gnolls.

Vanquished Creatures
  An adder (D:2)
  A worm (D:2)
  A dart slug (D:1)
  3 ball pythons
  An endoplasm (D:2)
  2 giant cockroaches
  3 goblins
  2 hobgoblins (D:1)
  A quokka (D:2)
  3 bats
  3 frilled lizards
  4 rats (D:1)
25 creatures vanquished.

Notes
Turn   | Place    | Note
-------+----------+-------------------------------------------
     0 | D:1      | HoaS the Gargoyle Hunter began the quest for the Orb.
     0 | D:1      | Reached XP level 1. HP: 12/12 MP: 1/1
   109 | D:1      | Reached XP level 2. HP: 17/17 MP: 2/2
   121 | D:1      | Found a faded altar of an unknown god.
   342 | D:2      | Reached skill level 5 in Ranged Weapons
   342 | D:2      | Reached XP level 3. HP: 18/21 MP: 3/3
   557 | D:2      | Found Joves's Jewellery Shop.
   627 | D:2      | Slain by a gnoll

Illustrated notes

Levels and vault maps discovered:
D:1:      amcnicky_arrival_flooded_fountain, layout_rooms,
          hellmonk_ecumenical_altar_arch_garden
D:2:      layout_basic, serial_shops, nicolae_shop_trees

Skill      XL: |  1  2 |
---------------+-------+-----
Ranged Weapons | 5 |  5.2
Fighting       | |  2.1
Dodging        | |  1.5
Stealth        | |  1.1

Action                     || total
---------------------------++-------
   Fire: Shortbow          ||    79
 Armour: Leather armour    ||    19
  Dodge: Dodged            ||    44

Table legend: (Time is in decaauts)
 A = Elapsed time spent in this place.
 B = Non-inter-level travel time spent in this place.
 C = Inter-level travel time spent in this place.
 D = Time resting spent in this place.
 E = Time spent auto-exploring this place.
 F = Levels seen in this place.
 G = Mean time per level.
                   A        B        C        D        E       F      G
               +--------+--------+--------+--------+--------+-----+--------+
         Total |    650 |    634 |     16 |     12 |    428 |   2 |  325.0 |
       Dungeon |    650 |    634 |     16 |     12 |    428 |   2 |  325.0 |
               +--------+--------+--------+--------+--------+-----+--------+

Top non-repeatable levels by time:
     D:1: 339 daAuts
     D:2: 310 daAuts
